Map: Catalyst LE

Players

JasonKnight - Winner!

  • Race: Protoss Protoss
  • League: Diamond
  • Spawn Location: 5:00

sunshine

  • Race: Zerg Zerg
  • League: Diamond
  • Spawn Location: 11:00

VOD

Have the link to the VOD?

Description

Time

  • Played on: Aug. 6, 2018, 10:07 p.m.
  • Length: 11:21
Show
View Real Time Build Order
Export as new Build Order

JasonKnight Protoss - Winner!

Build Orders:  

Get SALT Encoding   

  12  0:01  Probe  
  13  0:13  Probe  
  14  0:17  Pylon  
  14  0:25  Probe  
  15  0:37  Probe  
  15  0:41  Forge  
  16  0:49  Pylon  
  16  1:12  Gateway  
  16  1:17  Photon Cannon  
  16  1:20  Assimilator  
  16  1:26  Pylon  
  16  1:57  Photon Cannon  
  16  2:00  Cybernetics Core  
  16  2:03  Probe  
  16  2:07  Assimilator  
  16  2:15  Probe  
  17  2:21  Assimilator  
  17  2:23  Probe  
  18  2:31  Probe  
  18  2:33  Photon Cannon  
  19  2:41  Probe  
  19  2:43  Photon Cannon  
  20  2:53  Probe  
  21  3:00  Pylon  
  21  3:07  Photon Cannon  
  21  3:11  Stalker  
  23  3:26  Shield Battery  
  23  3:30  Photon Cannon  
  23  3:39  Photon Cannon  
  23  3:45  Shield Battery  
  23  3:49  Stalker  
  23  3:52  Shield Battery  
  23  3:57  Photon Cannon  
  25  4:10  Stalker  
  27  4:32  Warp Gate  
  27  4:34  Photon Cannon  
  27  4:43  Pylon  
  27  4:48  Stalker  
  29  5:00  Gateway  
  29  5:02  Gateway  
  29  5:15  Robotics Facility  
  29  6:15  Pylon  
  29  6:17  Immortal, Robotics Bay  
  33  6:40  Adept  
  33  6:43  Adept  
  33  6:45  Adept  
  39  6:48  Warp Prism  
  39  6:54  Shield Battery  
  41  7:13  Disruptor  
  41  7:17  Stalker x2  
  44  7:47  Disruptor  
  47  8:15  Disruptor  
  44  8:32  Adept  
  44  8:33  Adept, Stalker  
  44  8:40  Pylon  
  44  8:44  Nexus  
  44  8:51  Disruptor  
  47  9:11  Assimilator  
  47  9:17  Assimilator  
  47  9:20  Pylon  
  47  9:33  Observer  
  48  9:58  Disruptor  
  51  10:19  Probe  
  52  10:31  Probe  
  52  10:34  Disruptor  
  55  10:43  Probe  
  56  11:01  Stalker  
  58  11:11  Stargate  
  58  11:13  Photon Cannon  
  58  11:16  Photon Cannon  
Show
View Real Time Build Order
Export as new Build Order

sunshine Zerg 

Build Orders: Pool First 

Get SALT Encoding   

  12  0:00  Drone  
  13  0:23  Spawning Pool  
  13  0:25  Drone  
  13  0:30  Drone  
  14  0:38  Overlord  
  14  0:44  Extractor  
  14  0:45  Drone  
  15  1:10  Zergling x6  
  18  1:19  Hatchery  
  18  1:23  Zergling x2  
  18  1:32  Queen  
  20  1:43  Zergling x4  
  22  1:52  Extractor  
  21  2:08  Drone  
  22  2:14  Overlord  
  22  2:32  Queen  
  22  2:33  Drone x3  
  26  2:47  Overlord  
  26  2:50  Spine Crawler  
  25  2:53  Queen  
  27  3:04  Drone x4  
  30  3:12  Drone x2  
  32  3:18  Metabolic Boost  
  32  3:36  Roach Warren  
  31  3:45  Zergling x2  
  31  3:46  Zergling x10  
  33  4:11  Drone  
  33  4:12  Drone x4  
  38  4:17  Drone  
  36  4:35  Spine Crawler  
  36  4:36  Lair  
  36  4:37  Overlord x2  
  34  4:39  Extractor  
  34  4:40  Zergling x6  
  36  4:51  Zergling x8  
  39  4:56  Evolution Chamber  
  38  5:09  Drone x2  
  38  5:10  Drone x3  
  43  5:19  Spine Crawler  
  39  5:38  Roach x2  
  39  5:39  Roach x3  
  39  5:42  Zerg Melee Weapons Level 1  
  46  5:48  Zergling x4  
  48  6:00  Glial Reconstitution  
  48  6:09  Spore Crawler  
  47  6:27  Hydralisk Den  
  46  6:34  Drone  
  46  6:39  Drone x5  
  52  6:40  Spine Crawler  
  52  6:42  Overlord x3  
  52  6:43  Spine Crawler  
  50  6:51  Baneling Nest  
  48  7:18  Hydralisk  
  48  7:19  Hydralisk x4  
  58  7:24  Grooved Spines  
  57  7:32  Hydralisk x2  
  61  7:38  Baneling x4  
  60  7:49  Zergling x4  
  60  7:50  Zergling x6  
  65  7:52  Extractor  
  64  8:04  Zergling x6  
  60  8:11  Zergling x2  
  52  8:32  Hydralisk  
  52  8:33  Hydralisk x3  
  48  8:41  Baneling x2  
  48  8:42  Zergling x2  
  47  8:57  Hydralisk x5  
  53  9:07  Zergling x2  
  53  9:08  Zergling x6  
  56  9:13  Zerg Missile Weapons Level 1  
  54  9:31  Hydralisk x3  
  45  9:53  Lurker Den, Roach x4  
  52  10:03  Spore Crawler  
  49  10:12  Hydralisk x2  
  45  10:24  Hydralisk  
  45  10:25  Hydralisk  
  49  10:33  Zergling x6  
  46  10:50  Zergling x2  
  46  10:51  Zergling x6  
Tags
 
Add a new tag
Caveats
  • Supply blocks, unpowered buildings, or Contaminate may cause inaccurate times.
  • Supply counts are checked every 10 seconds.